 Dungeon Sprint DCSS version 0.29-a0-723-gce39da1c22 (webtiles) character file.

Game seed: 9571928312251772560

1672 zeratav the Nimble (level 8, -9/47 HPs)
             Began as a Spriggan Brigand on June 28, 2022.
             Was a Follower of Wu Jian.
             Mangled by an iron imp (10 damage)
             ... summoned by a kobold demonologist
             ... while paralysed by a floating eye
             ... in the Dungeon (Sprint I: "Red Sonja").
             The game lasted 00:04:05 (745 turns).

zeratav the Nimble (Spriggan Brigand)                Turns: 745, Time: 00:04:06

Health: -9/47      AC:  3    Str:  7      XL:     8   Next: 70%
Magic:  16/16      EV:  4    Int: 13      God:    Wu Jian [*.....]
Gold:   621        SH:  0    Dex: 10 (18) Spells: 17/17 levels left

rFire   . . .      SeeInvis +   n - +1 dagger (flame) {short}
rCold   . . .      Faith    .   (no shield)
rNeg    . . .      Spirit   .   b - +0 robe
rPois   .          Reflect  .   o - +0 hat {Stlth+}
rElec   .          Harm     .   c - +0 cloak
rCorr   .          Rampage  .   (gloves unavailable)
Will    +....      NoTele   +   (boots unavailable)
Stlth   +++++.....              (no amulet)
HPRegen 0.15/turn               (no ring)
MPRegen 0.15/turn               (no ring)

@: paralysed, very quick
A: very small, no large weapons, unfitting armour, see invisible, speed 3
a: Renounce Religion


You were in the Dungeon.
You worshipped Wu Jian.
Wu Jian was aware of your devotion.
You visited 1 branch You collected 881 gold pieces.
You spent 260 gold pieces at shops.


Innate Abilities, Weirdness & Mutations

You are very small and have problems with some larger weapons.
You are too small for most types of armour.
You have supernaturally acute eyesight. (SInv)
You cover ground extremely quickly. (Speed+++)


   Skills:
 - Level 8.0 Fighting
 - Level 8.0 Short Blades
 - Level 6.0 Throwing
 - Level 6.0 Armour
 + Level 13.7 Dodging
 - Level 10.0 Stealth
 - Level 5.0 Spellcasting


You had 17 spell levels left.
You didn't know any spells.
Your spell library was empty.

Inventory:

Hand Weapons
 a - a +2 dagger {short}
 n - a +1 dagger of flaming (weapon) {short}
   (You bought it in a shop in the Dungeon)
Missiles
 d - 9 poisoned darts (quivered) {throwing}
 e - 6 curare-tipped darts {=fthrowing}
Armour
 b - a +0 robe (worn)
 c - a +0 cloak (worn)
 o - a +0 hat of stealth (worn)
   (You bought it in a shop in the Dungeon)
Wands
 l - a wand of digging (6)
   (You took it off Ijyb in the Dungeon)
Scrolls
 k - a scroll of blinking {!r}
 m - a scroll of amnesia {unknown}
 p - a scroll of fear {unknown}
 q - a scroll of identify {unknown}
Potions
 f - 3 potions of curing {@q1}
 g - 2 potions of heal wounds {@q2}
 h - a potion of haste {@q3}
 i - 2 potions of magic
 j - a potion of berserk rage {!q}

Dungeon Overview and Level Annotations

Branches:
Dungeon (1/1) Zot: 27000

Altars:
Cheibriados
Dithmenos
Elyvilon
Fedhas
Gozag
Hepliaklqana
Kikubaaqudgha
Makhleb
Nemelex Xobeh
Okawaru
Qazlal
Ru
Sif Muna
Trog
Uskayaw
Vehumet
Wu Jian
Xom
Yredelemnul
Zin
The Shining One
Jiyva
Lugonu

Shops:
D

[*[
########################
.#.))..#..'..#_5#55K5..#
.'..#.)'..#..'..@KG#.K.#
.#####'#####'#__#### ..+
.####..#...#.####§§# ##
.#__####..##.#≈≈§§c#
.#_____##'#_.+≈≈≈§§+
⌠#_.∩...'..._#
##_..__##_.#'##+###
#_____###'#[#.[..###
##########.####'###.##


You could see 2 kobold demonologists, a floating eye (charged), an iron imp
(summoned), 2 quasits and a crimson imp (summoned).


Message History

You hit the kobold demonologist but do no damage.
The floating eye gazes piercingly through you!
You suddenly lose the ability to move!
The kobold demonologist gestures wildly while chanting.
The quasit bites you but does no damage.
The quasit claws you.
You feel clumsy. The quasit claws you.
You feel clumsy.
The kobold demonologist hits you with a +0 dagger.
The quasit bites you but does no damage.
The quasit claws you.
You feel clumsy. The quasit claws you. The iron imp hits you!
The kobold demonologist completely misses you.
The quasit bites you but does no damage.
The quasit claws you.
You feel clumsy. The quasit claws you.
You feel clumsy.
The iron imp shouts, "Give up, thou gleeking saucy scut!"
The iron imp barely misses you.
The kobold demonologist barely misses you.
You can move again.
HP[-18]
You take 18 damage, and now have 26/47 hp.
MASSIVE DAMAGE!! (PAUSE)
You hit the kobold demonologist. You burn the kobold demonologist.
The quasit closely misses you. The quasit completely misses you. x2
Okay, then.
You hit the kobold demonologist but do no damage.
The quasit closely misses you. The quasit completely misses you.
The quasit closely misses you.
The kobold demonologist hits you with a +0 dagger.
* * * LOW HITPOINT WARNING * * *
The iron imp misses you.
HP[-3]
You take 3 damage, and now have 23/47 hp.
You hit the kobold demonologist but do no damage.
The quasit misses you.
The quasit claws you but does no damage.
The quasit completely misses you.
The kobold demonologist hits you with a +0 dagger.
* * * LOW HITPOINT WARNING * * *
HP[-3]
You take 3 damage, and now have 20/47 hp.
You closely miss the kobold demonologist.
The iron imp completely misses you. The quasit completely misses you.
The quasit barely misses you.
The quasit claws you but does no damage.
You closely miss the kobold demonologist.
The kobold demonologist begins to cast a cantrip, but forgets the words!
You barely miss the kobold demonologist.
The quasit completely misses you. The quasit misses you. x2
The iron imp misses you.
HP[+1]
You hit the kobold demonologist. You burn the kobold demonologist.
The floating eye seems to glare at you. The quasit barely misses you.
The quasit misses you. x2
The kobold demonologist completely misses you.
You hit the kobold demonologist but do no damage.
The quasit completely misses you. The quasit closely misses you.
The quasit completely misses you. The iron imp hits you.
* * * LOW HITPOINT WARNING * * *
The kobold demonologist completely misses you.
HP[-4]
You take 4 damage, and now have 17/47 hp.
You miss the kobold demonologist. The quasit closely misses you.
The quasit completely misses you. The quasit closely misses you.
The kobold demonologist shouts!
You hit the kobold demonologist but do no damage.
The kobold demonologist casts a spell.
The iron imp misses you. The kobold demonologist misses you.
The floating eye gazes piercingly through you!
You suddenly lose the ability to move!
The quasit completely misses you. The quasit claws you.
* * * LOW HITPOINT WARNING * * *
You feel clumsy. The quasit claws you.
* * * LOW HITPOINT WARNING * * *
You feel clumsy. The floating eye's view fixates on you.
The kobold demonologist hits you with a +0 dagger.
* * * LOW HITPOINT WARNING * * *
The quasit barely misses you.
The quasit claws you but does no damage.
The quasit claws you.
* * * LOW HITPOINT WARNING * * *
You feel clumsy. The iron imp hits you!
* * * LOW HITPOINT WARNING * * *
The quasit bites you but does no damage.
The quasit claws you but does no damage. x2
The kobold demonologist looks satisfied for a moment.
The kobold demonologist hits you with a +0 dagger.
* * * LOW HITPOINT WARNING * * *
The quasit bites you but does no damage.
The quasit claws you but does no damage. x2
The iron imp hits you!
You die...

Skill      XL: |  1  2  3  4  5  6  7  8 |
---------------+-------------------------+-----
Fighting       | 4 7 8 |  8.0
Stealth        | 10 | 10.0
Short Blades   | 6 7 8 |  8.0
Dodging        | 10 12 13 | 13.7
Throwing       | 6 |  6.0
Spellcasting   | 5 |  5.0
Armour         | 4 6 |  6.0

Action                   |  1- 3 |  4- 6 |  7- 9 || total
-------------------------+-------+-------+-------++-------
Melee: Dagger            |     2 |     5 |    31 ||    38
Throw: Dart              |       |     8 |       ||     8
Invok: Lunge             |       |     1 |     3 ||     4
 Stab: Sleeping          |     2 |     2 |     2 ||     6
Armor: Robe              |       |       |    12 ||    12
Dodge: Dodged            |       |     2 |    42 ||    44

Levels and vault maps discovered:
D:        dungeon_sprint_1 [red_sonja_temple_1, red_sonja_temple_small_1]

Notes
Turn   | Place    | Note
-------+----------+-------------------------------------------
     0 | D        | zeratav the Spriggan Brigand began the quest for the Orb.
     0 | D        | Reached XP level 1. HP: 10/10 MP: 2/2
     0 | D        | magus.rc [v1.9.6]
     3 | D        | Noticed Ijyb
     6 | D        | Killed Ijyb
     7 | D        | Reached skill level 4 in Fighting
     7 | D        | Reached XP level 2. HP: 18/18 MP: 3/3
     9 | D        | Noticed an ogre
    12 | D        | Killed an ogre
    13 | D        | Reached skill level 7 in Fighting
    13 | D        | Reached XP level 3. HP: 25/25 MP: 4/4
    13 | D        | Reached XP level 4. HP: 30/30 MP: 5/5
    14 | D        | Noticed Sigmund
    29 | D        | Killed Sigmund
    30 | D        | Reached skill level 8 in Fighting
    30 | D        | Reached skill level 10 in Stealth
    30 | D        | Reached skill level 6 in Short Blades
    30 | D        | Reached XP level 5. HP: 22/34 MP: 6/6
   160 | D        | Found an ornate altar of the Wu Jian Council.
   160 | D        | Found a shimmering blue altar of Sif Muna.
   162 | D        | Found a radiant altar of Vehumet.
   167 | D        | Reached skill level 7 in Short Blades
   167 | D        | Reached XP level 6. HP: 39/39 MP: 7/7
   168 | D        | Became a worshipper of the Wu Jian Council
   178 | D        | Found Heyvvoc's General Store.
   178 | D        | Found an ancient bone altar of Kikubaaqudgha.
   178 | D        | Found a hazy altar of Hepliaklqana.
   178 | D        | Found a stormy altar of Qazlal.
   178 | D        | Found a hide-covered altar of Uskayaw.
   178 | D        | Found a blossoming altar of Fedhas.
   178 | D        | Found a bloodstained altar of Trog.
   178 | D        | Found an iron altar of Okawaru.
   178 | D        | Found a basalt altar of Yredelemnul.
   178 | D        | Found a glowing golden altar of the Shining One.
   178 | D        | Found a snail-covered altar of Cheibriados.
   178 | D        | Found a sacrificial altar of Ru.
   178 | D        | Found a glowing silver altar of Zin.
   178 | D        | Found a shadowy altar of Dithmenos.
   178 | D        | Found a white marble altar of Elyvilon.
   178 | D        | Noticed a yak
   203 | D        | Killed a yak
   204 | D        | Reached skill level 8 in Short Blades
   204 | D        | Reached skill level 8 in Dodging
   335 | D        | Found an opulent altar of Gozag.
   337 | D        | Found a sparkling altar of Nemelex Xobeh.
   341 | D        | Bought a +1 dagger of flaming for 106 gold pieces
   362 | D        | Noticed Sonja
   365 | D        | Killed Sonja
   366 | D        | Reached skill level 10 in Dodging
   366 | D        | Reached skill level 6 in Throwing
   366 | D        | Reached skill level 5 in Spellcasting
   366 | D        | Reached skill level 4 in Armour
   366 | D        | Reached XP level 7. HP: 43/43 MP: 7/15
   431 | D        | Found Ileg's Armour Boutique.
   439 | D        | Bought a +0 hat of stealth for 154 gold pieces
   608 | D        | Noticed a deep troll
   611 | D        | Killed a deep troll
   611 | D        | Reached * piety under Wu Jian
   612 | D        | Reached skill level 6 in Armour
   612 | D        | Reached skill level 12 in Dodging
   612 | D        | Reached XP level 8. HP: 47/47 MP: 16/16
   648 | D        | Noticed a centaur warrior
   661 | D        | Found Utzet's Armour Emporium.
   685 | D        | Found a burning altar of Makhleb.
   685 | D        | Found a viscous altar of Jiyva.
   685 | D        | Found a shimmering altar of Xom.
   685 | D        | Found a corrupted altar of Lugonu.
   685 | D        | Noticed a slime creature
   687 | D        | Killed a slime creature
   688 | D        | Reached skill level 13 in Dodging
   700 | D        | Noticed a kobold demonologist
   700 | D        | Noticed a kobold demonologist
   729 | D        | Paralysed by a floating eye for 3 turns
   742 | D        | Paralysed by a floating eye for 3 turns
   743 | D        | HP: 4/47 [iron imp[a kobold demonologist] (8)]
   744 | D        | HP: 1/47 [kobold demonologist/+0 dagger (3)]
   745 | D        | Mangled by an iron imp

Vanquished Creatures
  Sonja (D)
  A deep troll (D)
  A slime creature (D)
  Sigmund (D)
  A yak (D)
  An ogre (D)
  A jelly (D)
  Ijyb (D)
8 creatures vanquished.

Vanquished Creatures (others)
  2 ballistomycete spores (D)
2 creatures vanquished.

Grand Total: 10 creatures vanquished

Table legend:
 A = Non-vault XP
 B = Vault XP
 C = Vault XP percentage of total XP
 D = Non-vault monster count
 E = Vault monster count
 F = Vault count percentage of total count
                 A         B        C        D         E       F
            +---------+---------+-------+---------+---------+-------
      Total |       0 |    2389 | 100.0 |       0 |       8 | 100.0
            +---------+---------+-------+---------+---------+-------
          D |       0 |    2389 | 100.0 |       0 |       8 | 100.0
            +---------+---------+-------+---------+---------+-------

Illustrated notes

Table legend:
 A = Kills in this place as a percentage of kills in entire the game.
 B = Kills by you in this place as a percentage of kills by you in the entire game.
 C = Kills by friends in this place as a percentage of kills by friends in the entire game.
 D = Other kills in this place as a percentage of other kills in the entire game.
 E = Experience gained in this place as a percentage of experience gained in the entire game.
 F = Experience gained in this place divided by the number of levels of this place that you have seen.
                   A       B       C       D       E      F
               +-------+-------+-------+-------+-------+----------------------
         Total | 100.0 | 100.0 |   N/A |   N/A | 100.0 | 2389.0
       Dungeon | 100.0 | 100.0 |   N/A |   N/A | 100.0 | 2389.0
               +-------+-------+-------+-------+-------+----------------------

Table legend: (Time is in decaauts)
 A = Elapsed time spent in this place.
 B = Non-inter-level travel time spent in this place.
 C = Inter-level travel time spent in this place.
 D = Time resting spent in this place.
 E = Time spent auto-exploring this place.
 F = Levels seen in this place.
 G = Mean time per level.
                   A        B        C        D        E       F      G
               +--------+--------+--------+--------+--------+-----+--------+
         Total |    638 |    638 |      0 |    380 |      0 |   1 |  638.0 |
       Dungeon |    638 |    638 |      0 |    380 |      0 |   1 |  638.0 |
               +--------+--------+--------+--------+--------+-----+--------+

Top non-repeatable levels by time:
       D: 638 daAuts
